 Dungeon Crawl Stone Soup version 0.25-a0-317-g5f8687b (webtiles) character file.

Game seed: 16398168344171633076, levelgen mode: deterministic

14777 Eglamore the Basher (level 11, -4/101 HPs)
             Began as a Minotaur Berserker on Dec 26, 2019.
             Was a High Priest of Trog.
             Slain by a freezing wraith (8 damage)
             ... on level 2 of the Lair of Beasts.
             The game lasted 00:32:42 (9402 turns).

Eglamore the Basher (Minotaur Berserker)            Turns: 9402, Time: 00:32:42

Health: -4/101     AC: 27    Str: 22    XL:     11   Next: 93%
Magic:  10/10      EV: 10    Int:  9    God:    Trog [*****.]
Gold:   666        SH:  9    Dex:  8    Spells: 10/10 levels left

rFire    . . .     SeeInvis +   B - +6 shillelagh "Devastator" {shatter}
rCold    . . .     Gourm    .   P - +0 shield
rNeg     + . .     Faith    .   i - +0 plate armour (curse)
rPois    .         Spirit   .   k - +2 hat
rElec    .         Reflect  .   b - +2 cloak {+Inv}
rCorr    .         Harm     .   q - +2 pair of gloves {archery}
MR       .....                  h - +0 pair of boots
Stlth    ..........             v - amulet of regeneration
HPRegen  0.66/turn              H - ring of positive energy
MPRegen  0.12/turn              L - ring of Duociuti {Str-3 Int+5 SInv Stlth+}

@: no status effects
A: retaliatory headbutt, horns 2, repulsion field 1, slimy green scales 1,
clumsy 1, wild magic 1, evolution 2
a: Berserk, Trog's Hand, Brothers in Arms, Renounce Religion, Evoke Invisibility


You were on level 2 of the Lair of Beasts.
You worshipped Trog.
Trog was extremely pleased with you.
You were very hungry.

You visited 3 branches of the dungeon, and saw 13 of its levels.
You also visited: Bailey and Gauntlet.

You collected 778 gold pieces.
You spent 112 gold pieces at shops.

Inventory:

Hand Weapons
 B - the +6 shillelagh "Devastator" (weapon) {shatter}
   (You found it on level 5 of the Dungeon)
 C - a +2 long sword of holy wrath
Armour
 b - a +2 cloak of invisibility (worn)
 h - a +0 pair of boots (worn)
 i - a cursed +0 plate armour (worn)
 k - a +2 hat (worn)
 q - a +2 pair of gloves of archery (worn)
 P - a +0 shield (worn)
Magical Staves
 E - an uncursed staff of air {unknown}
Jewellery
 a - an uncursed ring of protection from cold
 m - a +2 ring of evasion
 n - an uncursed amulet of rage
 v - an amulet of regeneration (around neck)
 w - an uncursed amulet of faith
 D - an uncursed ring of protection from magic {unknown}
 H - a ring of positive energy (left hand)
 L - the ring of Duociuti (right hand) {Str-3 Int+5 SInv Stlth+}
   (You found it on level 10 of the Dungeon)

   [ring of stealth]

   It affects your strength (-3).
   It affects your intelligence (+5).
   It lets you see invisible.
   It makes you more stealthy.
Wands
 s - a wand of enslavement (9)
 y - a wand of random effects (51)
 G - a wand of acid (4)
Scrolls
 e - 3 scrolls of magic mapping
 l - 6 scrolls of teleportation
 o - 4 scrolls of blinking
 t - a scroll of fear
 z - 6 scrolls of remove curse
 A - a scroll of identify
 Q - a scroll of silence
 R - a scroll of fog
 U - 2 scrolls of noise {unknown}
 V - a scroll of brand weapon {unknown}
Potions
 d - 2 potions of invisibility
 j - 5 potions of curing
 p - a potion of brilliance
 r - a potion of ambrosia
 u - a potion of resistance
 x - a potion of flight
 F - 2 potions of heal wounds
 J - 5 potions of haste
 K - a potion of agility
 M - a potion of might
 S - a potion of berserk rage
Miscellaneous
 f - a lightning rod (4/4)
 g - a lamp of fire
 I - a lamp of fire
 N - a lightning rod (4/4)
 O - a lightning rod (4/4)
 T - a sack of spiders
Comestibles
 c - 23 rations


   Skills:
 + Level 10.9 Fighting
 + Level 10.9 Maces & Flails
   Level 8.8 Bows
 + Level 10.5 Armour
 + Level 9.8 Dodging
 - Level 0.1 Stealth
 + Level 4.5 Shields


You had 10 spell levels left.
You didn't know any spells.
Your spell library contained the following spells:

 Spells                   Type           Power        Failure   Level  Hunger
 Recall                   Summ/Tloc      N/A          100%        3    ####...
 Aura of Abjuration       Summ           #.........   100%        5    ######.
 Summon Demon             Summ           #.........   100%        5    ######.
 Summon Forest            Summ/Tloc      #.........   100%        5    ######.
 Summon Mana Viper        Hex/Summ       #.......     100%        5    ######.
 Shadow Creatures         Summ           N/A          100%        6    #######


Dungeon Overview and Level Annotations

Branches:
Dungeon (10/15)            Temple (1/1) D:6            Lair (2/6) D:10
  Snake (0/4) Lair:2       Bailey (visited)         Gauntlet (visited)
  Swamp: Lair:2-4    Shoals: Lair:2-4       Orc: D:9-12

Altars:
Ashenzari
Cheibriados
Dithmenos
Elyvilon
Fedhas
Gozag
Hepliaklqana
Kikubaaqudgha
Makhleb
Nemelex Xobeh
Okawaru
Qazlal
Ru
Sif Muna
Trog
Uskayaw
Vehumet
Wu Jian
Xom
Yredelemnul
Zin
The Shining One

Shops:
D:7 !   D:8 %

Annotations:
D:10 1 runed translucent door, strifetoe's ghost, journeyman GrWz


Innate Abilities, Weirdness & Mutations

You reflexively headbutt those who attack you in melee.
You have a pair of horns on your head.
You are surrounded by a mild repulsion field. (EV +2)
You are partially covered in slimy green scales. (AC +2)
You are clumsy. (Dex -2)
Your spells are a little harder to cast, but a little more powerful.
You rapidly evolve.


Message History

The freezing wraith is heavily damaged.
The plant is almost destroyed.
The freezing wraith is heavily damaged.
The freezing wraith hits you but does no damage.
You block the freezing wraith's attack.
Your shield and plate armour prevent you from hitting the freezing wraith.
You headbutt the freezing wraith, but do no damage.
The freezing wraith is heavily damaged.
A polar bear comes into view.
A white imp comes into view.
Your shield and plate armour prevent you from hitting the freezing wraith.
The freezing wraith is heavily damaged.
The freezing wraith hits you.
* * * LOW HITPOINT WARNING * * *
The freezing wraith freezes you!
* * * LOW HITPOINT WARNING * * *
You block the freezing wraith's attack. The freezing wraith hits you!
* * * LOW HITPOINT WARNING * * *
The freezing wraith freezes you!
You die...

≈≈≈≈≈≈≈≈.≈.,* ≈≈≈≈≈≈≈≈≈≈≈,*
,,,,≈≈≈≈≈≈..** ,,>,≈≈≈≈....,*
,,,,≈≈≈≈≈5..#*
≈≈≈≈≈≈≈≈≈h≈.P########## ####
≈≈≈≈≈≈≈≈....≈#P....#P.###..######
≈≈≈≈≈≈≈...≈≈...W.........(.......
≈≈≈≈≈≈≈≈.≈≈≈....@................
≈,,≈≈≈≈.≈≈≈≈.#.#.............<...
,,,,,,.≈≈.≈......................
,,,,,,.≈≈≈.⌠.....................
******..###.##..#.###.##.........
******.,,#.#*#..###..###.........
,,,,,,,,...,,.[...(..............
,,,,,,,,..,,.....................
,,,,,,,**,*,,***..##....####..###


You could see a polar bear, a freezing wraith and a white imp.

Vanquished Creatures
  An orc warlord (Bailey)
  A minotaur (Gauntlet)
  A hydra (Lair:2)
  A two-headed ogre (D:9)
  A tengu warrior (Gauntlet)
  A worldbinder (Gauntlet)
  An eye of devastation (Gauntlet)
  A torpor snail (Gauntlet)
  A minotaur zombie (Gauntlet)
  2 komodo dragons
  2 tengu conjurers (Gauntlet)
  A troll (D:10)
  2 polar bears (Lair:2)
  A hippogriff (D:9)
  A wyvern (Lair:2)
  3 hogs (D:7)
  16 yaks
  A human (D:7)
  3 nagas (Lair:2)
  A water moccasin (D:5)
  3 porcupines
  Duvessa (D:7)
  2 floating eyes (Gauntlet)
  4 orc warriors
  A sky beast (D:10)
  3 ice beasts (Lair:2)
  A black bear (D:7)
  4 phantoms
  A boggart (Gauntlet)
  2 necrophages
  2 ogres
  3 centaurs
  2 crocodiles
  A big kobold (D:9)
  2 bullfrogs
  Dowan (D:7)
  3 wights (D:8)
  2 howler monkeys
  A centaur zombie (D:5)
  5 crimson imps
  4 jellies
  3 quasits
  4 hounds
  3 orc priests
  Crazy Yiuf (D:7)
  Jessica (D:2)
  A bullfrog skeleton (D:7)
  An iguana (D:4)
  9 worker ants
  12 orc wizards
  A killer bee zombie (D:8)
  A worker ant zombie (D:7)
  12 gnolls
  8 adders
  A shadow imp (D:5)
  A white imp (Lair:2)
  2 oozes (D:4)
  An adder skeleton (D:4)
  2 worms
  5 dart slugs
  7 leopard geckos
  32 orcs
  A ball python (D:2)
  4 giant cockroaches
  12 goblins
  9 hobgoblins
  8 jackals
  20 kobolds
  5 quokkas
  6 bats
  4 frilled lizards
  2 gnoll zombies (D:3)
  2 leopard gecko skeletons
  A quokka skeleton (D:4)
  A quokka zombie (D:6)
  9 rats
282 creatures vanquished.

Vanquished Creatures (others)
  A wizard (D:8)
  2 plants (D:10)
3 creatures vanquished.

Grand Total: 285 creatures vanquished

Notes
Turn   | Place    | Note
-------+----------+-------------------------------------------
     0 | D:1      | Eglamore the Minotaur Berserker began the quest for the
                  | Orb.
     0 | D:1      | Reached XP level 1. HP: 19/19 MP: 0/0
   295 | D:1      | Reached XP level 2. HP: 14/27 MP: 1/1
   717 | D:1      | Reached XP level 3. HP: 28/33 MP: 2/2
  1142 | D:1      | Reached ** piety under Trog
  1267 | D:2      | Noticed Jessica
  1285 | D:2      | Killed Jessica
  1285 | D:2      | Reached XP level 4. HP: 26/40 MP: 3/3
  1431 | D:2      | Found a snail-covered altar of Cheibriados.
  1520 | D:2      | Reached XP level 5. HP: 47/47 MP: 4/4
  1728 | D:3      | Found an opulent altar of Gozag.
  1786 | D:3      | Found a radiant altar of Vehumet.
  1887 | D:3      | Found a basalt altar of Yredelemnul.
  2093 | D:3      | Reached *** piety under Trog
  2093 | D:3      | Reached skill level 5 in Maces & Flails
  2267 | D:3      | Found a sparkling altar of Nemelex Xobeh.
  2414 | D:4      | Reached skill level 5 in Fighting
  2454 | D:4      | Noticed a centaur
  2462 | D:4      | Killed a centaur
  2462 | D:4      | Reached XP level 6. HP: 35/56 MP: 5/5
  2738 | D:4      | Found a shattered altar of Ashenzari.
  2946 | D:4      | Reached skill level 1 in Bows
  3006 | D:4      | Reached XP level 7. HP: 61/61 MP: 6/6
  3491 | D:5      | Entered Level 5 of the Dungeon
  3591 | D:5      | Found the +6 shillelagh "Devastator" {shatter}
  3689 | D:5      | Found a hazy altar of Hepliaklqana.
  3784 | D:5      | Reached **** piety under Trog
  3795 | D:5      | Reached skill level 5 in Armour
  3799 | D:5      | Reached XP level 8. HP: 70/70 MP: 7/7
  3803 | D:5      | Reached skill level 5 in Bows
  3869 | D:5      | Found a glowing silver altar of Zin.
  3932 | D:5      | Reached skill level 5 in Dodging
  3944 | D:5      | Found a glowing golden altar of the Shining One.
  4613 | D:6      | Found a hide-covered altar of Uskayaw.
  4860 | D:6      | Found a staircase to the Ecumenical Temple.
  4868 | Temple   | Entered the Ecumenical Temple
  4884 | Temple   | Gained mutation: Your body sometimes deteriorates upon
                  | taking damage. [potion of mutation]
  4884 | Temple   | Gained mutation: You are agile. (Dex +2) [potion of
                  | mutation]
  5130 | D:7      | Found Riypubb's Distillery.
  5143 | D:7      | Bought a potion of mutation for 112 gold pieces
  5143 | D:7      | Lost mutation: Your body sometimes deteriorates upon taking
                  | damage. [potion of mutation]
  5143 | D:7      | Lost mutation: You are agile. (Dex +2) [potion of mutation]
  5143 | D:7      | Gained mutation: You evolve. [potion of mutation]
  5143 | D:7      | Gained mutation: You have supernaturally acute eyesight.
                  | (SInv) [potion of mutation]
  5143 | D:7      | Gained mutation: You occasionally shout uncontrollably at
                  | your foes. [potion of mutation]
  5143 | D:7      | Gained mutation: You are surrounded by a mild repulsion
                  | field. (EV +2) [potion of mutation]
  5186 | D:7      | Found a flagged portal.
  5200 | Bailey   | Entered a bailey
  5205 | Bailey   | Noticed an orc warlord
  5261 | Bailey   | Reached XP level 9. HP: 79/79 MP: 8/8
  5265 | Bailey   | Found a runed translucent gate.
  5265 | Bailey   | Found a runed translucent gate.
  5265 | Bailey   | Found a runed translucent gate.
  5363 | Bailey   | Reached ***** piety under Trog
  5363 | Bailey   | Received a gift from Trog
  5369 | Bailey   | Killed an orc warlord
  5474 | D:7      | Found a burning altar of Makhleb.
  5481 | D:7      | Noticed Duvessa
  5484 | D:7      | Noticed Dowan
  5486 | D:7      | Killed Duvessa
  5488 | D:7      | Killed Dowan
  5547 | D:7      | Reached XP level 10. HP: 90/90 MP: 9/9
  5711 | D:7      | Found a runed translucent door.
  5712 | D:7      | Noticed Crazy Yiuf
  5717 | D:7      | Killed Crazy Yiuf
  5812 | D:8      | Found a bloodstained altar of Trog.
  5829 | D:8      | Found Agao's Food Shoppe.
  5848 | D:8      | Found a hide-covered altar of Uskayaw.
  5908 | D:8      | Identified 2 scrolls of acquirement
  5968 | D:8      | Found a bloodstained altar of Trog.
  6242 | D:8      | Noticed a wizard
  6245 | D:8      | Killed a wizard
  6405 | D:9      | Received a gift from Trog
  6766 | D:9      | Noticed a two-headed ogre
  6773 | D:9      | Killed a two-headed ogre
  6888 | D:9      | Gained mutation: Your spells are a little harder to cast,
                  | but a little more powerful. [evolution]
  7409 | D:10     | Entered Level 10 of the Dungeon
  7465 | D:10     | Got an ancient bone ring
  7527 | D:10     | Found a runed translucent door.
  7528 | D:10     | Found a shimmering altar of Xom.
  7528 | D:10     | Noticed strifetoe's ghost (journeyman GrWz)
  7529 | D:10     | Noticed a +2 halberd of chaos
  7779 | D:10     | Found a staircase to the Lair.
  7849 | Lair:1   | Entered Level 1 of the Lair of Beasts
  8009 | Lair:1   | Reached XP level 11. HP: 99/99 MP: 10/10
  8054 | Lair:1   | Identified the ring of Duociuti {Str-3 Int+5 SInv Stlth+}
                  | (You found it on level 10 of the Dungeon)
  8313 | Lair:1   | Gained mutation: You rapidly evolve. [evolution]
  8579 | Lair:2   | Noticed a six-headed hydra
  8592 | Lair:2   | Killed a six-headed hydra
  8592 | Lair:2   | Reached skill level 10 in Fighting
  8592 | Lair:2   | Reached skill level 10 in Maces & Flails
  8592 | Lair:2   | Reached skill level 1 in Shields
  8694 | Lair:2   | Found a gate leading to a gauntlet.
  8699 | Gauntlet | Entered a Gauntlet
  8699 | Gauntlet | Found a large runed translucent door.
  8699 | Gauntlet | Found a large runed translucent door.
  8699 | Gauntlet | Found a large runed translucent door.
  8699 | Gauntlet | Found a large runed translucent door.
  8699 | Gauntlet | Found a runed translucent door.
  8699 | Gauntlet | Found a large runed translucent door.
  8699 | Gauntlet | Found a large runed translucent door.
  8699 | Gauntlet | Found a transporter.
  8699 | Gauntlet | Found a transporter.
  8699 | Gauntlet | Found a large runed translucent door.
  8699 | Gauntlet | Found a large runed translucent door.
  8699 | Gauntlet | Found a runed translucent gate.
  8699 | Gauntlet | Found a runed translucent gate.
  8699 | Gauntlet | Found a transporter.
  8700 | Gauntlet | Found a transporter.
  8703 | Gauntlet | Found a transporter.
  8704 | Gauntlet | Found a runed translucent gate.
  8704 | Gauntlet | Found a runed translucent door.
  8708 | Gauntlet | Found a large runed translucent door.
  8708 | Gauntlet | Found a large runed translucent door.
  8712 | Gauntlet | Noticed a hell beast
  8713 | Gauntlet | Found a transporter.
  8744 | Gauntlet | Found a large runed translucent door.
  8744 | Gauntlet | Found a large runed translucent door.
  8747 | Gauntlet | Found a large runed translucent door.
  8747 | Gauntlet | Found a large runed translucent door.
  8748 | Gauntlet | Found a large runed translucent door.
  8749 | Gauntlet | Found a large runed translucent door.
  8780 | Gauntlet | Found a transporter.
  8791 | Gauntlet | Found a transporter.
  8806 | Gauntlet | Found a transporter.
  8815 | Gauntlet | Noticed a tengu warrior
  8816 | Gauntlet | Found a transporter.
  8831 | Gauntlet | Found a transporter.
  8837 | Gauntlet | Found a transporter.
  8912 | Gauntlet | Received a gift from Trog
  8915 | Gauntlet | Reached skill level 10 in Armour
  8954 | Gauntlet | Paralysed by a floating eye for 3 turns
  8964 | Gauntlet | Paralysed by a floating eye for 4 turns
  9059 | Gauntlet | Killed a tengu warrior
  9130 | Gauntlet | Lost mutation: You occasionally shout uncontrollably at
                  | your foes. [potion of mutation]
  9130 | Gauntlet | Lost mutation: You have supernaturally acute eyesight.
                  | (SInv) [potion of mutation]
  9130 | Gauntlet | Gained mutation: You are clumsy. (Dex -2) [potion of
                  | mutation]
  9130 | Gauntlet | Gained mutation: You are partially covered in slimy green
                  | scales. (AC +2) [potion of mutation]
  9145 | Gauntlet | Noticed a minotaur
  9157 | Gauntlet | Killed a minotaur
  9402 | Lair:2   | HP: 4/101 [freezing wraith (10)]
  9402 | Lair:2   | Slain by a freezing wraith

Levels and vault maps discovered:
D:1:      onia_arrival_mini_spirals, layout_basic, serial_glass,
          glass_columns_b, glass_columns_c
D:2:      layout_rooms, kennysheep_slug_shrine, first_ration, minmay_circle_x,
          uniq_jessica
D:3:      layout_basic, lemuel_zombie_altar_yredelemnul,
          grunt_gozag_breadcrumbs, vehumet_crystals, nemelex_altar_shiori
D:4:      layout_layer_cave, cheibrodos_ashenzari_chains,
          minmay_misc_feat_secret_circle, minmay_misc_feat_enclosed,
          minmay_manual_mess
D:5:      layout_basic, nicolae_overflow_hidden_temple, kennysheep_mini,
          marbit_many_paths
D:6:      layout_basic, minmay_temple_entry_proselytizer, basic_altar
D:7:      minmay_evil_eye, layout_rooms, lemuel_round_altar, serial_shops,
          nicolae_shop_waterfront, enter_bailey_2, grunt_livestock,
          uniq_crazy_yiuf_cottage, uniq_duvessa
D:8:      layout_basic, lemuel_doored_altar, lemuel_round_altar, serial_rivers,
          chequers_serial_rivers_small_a, chequers_serial_rivers_micro_c,
          chequers_serial_rivers_micro_a, chequers_serial_rivers_room_a,
          chequers_serial_rivers_small_3, chequers_serial_rivers_room_b,
          serial_shops, kennysheep_mini_moat, trog_wizard
D:9:      layout_basic
D:10:     layout_stronghold, david_lair_shrubbed, ebering_ghost_xom
Temple:   jpeg_temple_clearing
Lair:1:   layout_regular_city, infiniplex_staircase_pool_2, grunt_megastairs_3
Lair:2:   layout_long_grid, minmay_snake_entry_guardpost_medium,
          gauntlet_entry_generic, ice2_lemuel

Skill      XL: |  1  2  3  4  5  6  7  8  9 10 11 |
---------------+----------------------------------+-----
Maces & Flails | 4 5 6 7 8 9 10 | 10.9
Fighting       | 4 5 6 7 8 9 10 | 10.9
Armour         | 3 4 5 6 7 9 10 | 10.5
Dodging        | 3 4 5 7 8 9 |  9.8
Bows           | 2 4 6 7 8 |  8.8
Shields        | 4 |  4.5
Stealth        | |  0.1

Action                   |  1- 3 |  4- 6 |  7- 9 | 10-12 || total
-------------------------+-------+-------+-------+-------++-------
Melee: Mace              |    72 |   145 |    19 |       ||   236
       Headbutt          |     8 |    27 |    21 |    37 ||    93
       Shillelagh        |       |       |   104 |   199 ||   303
       Flail             |       |       |    25 |       ||    25
 Fire: Shortbow          |       |    31 |    21 |       ||    52
Invok: Berserk           |       |       |     1 |     3 ||     4
       Brothers in Arms  |       |       |       |     1 ||     1
  Use: Scroll            |       |       |    13 |    14 ||    27
       Potion            |       |       |     2 |     2 ||     4
  Eat: Chunk             |     1 |     5 |    10 |    14 ||    30
Armor: Animal skin       |    20 |       |       |       ||    20
       Plate armour      |       |   110 |   100 |   129 ||   339
Dodge: Dodged            |    46 |    67 |    79 |   109 ||   301
Block: Shield            |       |       |       |    50 ||    50

Table legend:
 A = Non-vault XP
 B = Vault XP
 C = Vault XP percentage of total XP
 D = Non-vault monster count
 E = Vault monster count
 F = Vault count percentage of total count
                 A         B        C        D         E       F
            +---------+---------+-------+---------+---------+-------
      Total |    8808 |   12303 |  58.3 |     198 |      84 |  29.8
            +---------+---------+-------+---------+---------+-------
        D:1 |      58 |       0 |   0.0 |      29 |       0 |   0.0
        D:2 |      96 |     101 |  51.3 |      12 |      11 |  47.8
        D:3 |      48 |       3 |   5.9 |      21 |       2 |   8.7
        D:4 |     508 |      53 |   9.4 |      14 |       4 |  22.2
        D:5 |     860 |      45 |   5.0 |      27 |       1 |   3.6
        D:6 |     621 |      43 |   6.5 |      20 |       1 |   4.8
        D:7 |     279 |    1394 |  83.3 |      12 |      11 |  47.8
        D:8 |     576 |       0 |   0.0 |      17 |       0 |   0.0
        D:9 |    1875 |       0 |   0.0 |      21 |       0 |   0.0
       D:10 |     866 |     350 |  28.8 |      13 |       1 |   7.1
     Lair:1 |    1085 |    1312 |  54.7 |       6 |       7 |  53.8
     Lair:2 |    1936 |    1478 |  43.3 |       6 |       9 |  60.0
     Bailey |       0 |    2129 | 100.0 |       0 |      21 | 100.0
   Gauntlet |       0 |    5395 | 100.0 |       0 |      16 | 100.0
            +---------+---------+-------+---------+---------+-------
